 Dungeon Crawl Stone Soup version 0.16-a0-3295-gb88e9a2 (webtiles) character file.

28 myeffort the Sneak (level 3, -3/18 HPs)
             Began as a Vine Stalker Assassin on Dec 24, 2014.
             Slain by Terence
             ... wielding a +6 flail of holy wrath
              (7 damage)
             ... on level 2 of the Dungeon.
             The game lasted 00:03:50 (886 turns).

myeffort the Sneak (Vine Stalker Assassin)           Turns: 886, Time: 00:03:50

Health: -3/18      AC:  5    Str: 13    XL:     3   Next: 12%
Magic:  0/4        EV: 11    Int: 11    God:
Gold:   64         SH:  0    Dex: 16    Spells: 0 memorised, 2 levels left

rFire  + . .     SeeInvis .     a - +2 dagger
rCold  + . .     Clarity  .     i - +0 leather armour
rNeg   . . .     SustAb   .     (no shield)
rPois  +         Gourm    .     (no helmet)
rElec  +         Spirit   +     d - +0 cloak
rCorr  +         Warding  .     n - +0 pair of gloves
rMut   .         Stasis   .     (no boots)
MR     .....                    (no amulet)
Stlth  +++.......               (no ring)
                                (no ring)

@: resistant, not resistant to hostile enchantments, fairly stealthy
A: fangs 2, regeneration 1, magic shield, antimagic bite, no device heal 3, rot
immunity
a: no special abilities


You were on level 2 of the Dungeon.
You were not hungry.

You visited 1 branch of the dungeon, and saw 2 of its levels.

You collected 64 gold pieces.

Inventory:

Hand weapons
 a - a +2 dagger (weapon)
 b - a +0 blowgun
Missiles
 e - 8 poisoned needles
 f - 2 curare-tipped needles
Armour
 d - a +0 cloak (worn)
 i - a +0 leather armour (worn)
 n - a +0 pair of gloves (worn)
Jewellery
 o - an uncursed amulet of regeneration
Scrolls
 p - a scroll of magic mapping {unknown}
 q - 2 scrolls of remove curse {unknown}
 r - 2 scrolls of fog
Potions
 h - a potion of curing
Comestibles
 c - a beef jerky
 g - 2 bread rations
 j - a royal jelly


   Skills:
 - Level 1.7 Fighting
 - Level 1.7 Short Blades
 - Level 1.7 Throwing
 - Level 0.7 Dodging
 + Level 6.2 Stealth


You had 2 spell levels left.
You didn't know any spells.

Dungeon Overview and Level Annotations

Branches:
Dungeon (2/15)

Altars:

Annotations:
D:2 Terence


Innate Abilities, Weirdness & Mutations

You have extremely sharp teeth.
Your natural rate of healing is unusually fast.
When hurt, damage is shared between your health and your magic reserves.
Your bite disrupts and absorbs the magic of your enemies.
Potions and wands cannot restore your health.
You are immune to rotting.


Message History

There is an escape hatch in the ceiling here.
Terence hits you with a flail of holy wrath!
Ouch! That really hurt!
A mysterious force pulls you upwards. The hatch slams shut behind you.
Unknown command.
Terence looks scornfully at you.
Read which item? (? for menu, Esc to quit)
Okay, then.
There is a stone staircase leading down here.
You climb downwards.
There is a stone staircase leading up here.
Drink which item? (? for menu, Esc to quit)
It was a potion of curing.
You feel better.
Terence hits you with a flail of holy wrath!
* * * LOW HITPOINT WARNING * * *
Drink which item? (? for menu, Esc to quit)
It was a potion of resistance.
You feel protected.
Terence hits you with a flail of holy wrath!
You die...

###### #. #....# #...
#....##...#
.###########....#...#
...................#
.....(.............##
.........@@..[.......##
.......)†.............# #
#.......÷.............# ##
........†.....>.......# .
...#.####.................#
####....#####..###.>........##
..##...##..................##
[.##.........#....#.......##
............#.....#....####


You could see Terence.

Vanquished Creatures
  2 giant geckos
  3 bats
  4 giant cockroaches
  2 goblins
  2 hobgoblins (D:1)
  A jackal (D:2)
  5 giant newts
  3 kobolds
  A quokka (D:2)
  5 rats
28 creatures vanquished.

Notes
Turn   | Place    | Note
--------------------------------------------------------------
     0 | D:1      | myeffort, the Vine Stalker Assassin, began the quest for the Orb.
     0 | D:1      | Reached XP level 1. HP: 11/11 MP: 1/1
    26 | D:1      | Reached skill level 5 in Stealth
   162 | D:1      | Reached XP level 2. HP: 15/15 MP: 3/3
   791 | D:2      | Reached skill level 6 in Stealth
   802 | D:2      | Reached XP level 3. HP: 16/18 MP: 4/4
   846 | D:2      | Noticed Terence
   886 | D:2      | Slain by Terence

Action                   || total
-------------------------++-------
Melee: Dagger            ||    67
  Use: Scroll            ||     5
       Potion            ||     3
 Stab: Sleeping          ||     3
